 Dungeon Crawl Stone Soup version 0.26-a0-520-g952f204493 (webtiles) character file.

Game seed: 9694280861690109537

0 Gargoyl the Skirmisher (level 1, -10/23 HPs)
             Began as a Gnoll Abyssal Knight on Aug 12, 2020.
             Was a Follower of Lugonu.
             Mangled by a sixfirhy (11 damage)
             ... on level 2 of the Abyss.
             The game lasted 00:01:29 (270 turns).

Gargoyl the Skirmisher (Gnoll Abyssal Knight)        Turns: 270, Time: 00:01:30

Health: -10/23     AC: 12    Str: 14    XL:     1   Next: 0%
Magic:  3/3        EV:  5    Int: 14    God:    Lugonu [*.....]
Gold:   57         SH:  0    Dex: 14    Spells: 0/0 levels left

rFire    . . .     SeeInvis .   a - +1 hand axe
rCold    . . .     Faith    .   (no shield)
rNeg     . . .     Spirit   .   d - +0 plate armour
rPois    .         Reflect  .   (no helmet)
rElec    .         Harm     .   (no cloak)
rCorr    .                      (no gloves)
MR       .....                  (no boots)
Stlth    ..........             c - amulet of inaccuracy (curse)
HPRegen  0.07/turn              (no ring)
MPRegen  0.08/turn              (no ring)

@: no status effects
A: distributed training, fangs 1, strong nose
a: Depart the Abyss, Renounce Religion


You were on level 2 of the Abyss.
You worshipped Lugonu.
Lugonu was aware of your devotion.
You visited 0 branches of the dungeon, and saw 0 of its levels.
You visited the Abyss 1 time.

You collected 57 gold pieces.

Inventory:

Hand Weapons
 a - a +1 hand axe (weapon)
Armour
 b - a +0 leather armour
 d - a +0 plate armour (worn)
Jewellery
 c - a cursed amulet of inaccuracy (around neck)
Potions
 e - a potion of flight {unknown}


   Skills:
 + Level 6.4 Fighting
 + Level 0.0 Short Blades
 + Level 0.0 Long Blades
 + Level 4.4 Axes
 + Level 0.0 Maces & Flails
 + Level 0.0 Polearms
 + Level 0.0 Staves
 + Level 0.0 Slings
 + Level 0.0 Bows
 + Level 0.0 Crossbows
 + Level 0.0 Throwing
 + Level 4.4 Armour
 + Level 2.3 Dodging
 + Level 0.0 Stealth
 + Level 0.0 Shields
 + Level 0.0 Unarmed Combat
 + Level 0.0 Spellcasting
 + Level 0.0 Conjurations
 + Level 0.0 Hexes
 + Level 0.0 Summonings
 + Level 0.0 Necromancy
 + Level 0.0 Translocations
 + Level 0.0 Transmutations
 + Level 0.0 Fire Magic
 + Level 0.0 Ice Magic
 + Level 0.0 Air Magic
 + Level 0.0 Earth Magic
 + Level 0.0 Poison Magic
 + Level 4.4 Invocations
 + Level 0.0 Evocations


You couldn't memorise any spells.
You didn't know any spells.
Your spell library was empty.

Dungeon Overview and Level Annotations

Branches:
Dungeon (0/15)

Altars:


Innate Abilities, Weirdness & Mutations

Your experience applies equally to all skills.
You have very sharp teeth.
Your uncanny sense of smell can sniff out nearby items.


Message History

You continue putting on your triangular beryl amulet. x5
You finish putting on your cursed amulet of inaccuracy.
Oops, that amulet feels deathly cold.
c - a cursed amulet of inaccuracy (around neck)
Found 11 bolts.
A small abomination comes into view.
You now have 57 gold pieces (gained 38).
Found a viscous green potion.
Found a pair of runed boots.
A sixfirhy comes into view.
The sixfirhy hits you. The sixfirhy shocks you!
The sixfirhy hits you but does no damage.
Found a gateway leading deeper into the Abyss.
You see here a viscous green potion.
e - a viscous green potion The sixfirhy barely misses you. x2
The sixfirhy hits you!
* * * LOW HITPOINT WARNING * * *
The sixfirhy shocks you!
You die...

#.. #...###. .#
##.## ##.## ##
..###...###...###.
...#.....#.....#..
..................
..................
..................
...#..3..#.....#.
##.@.###...###
#.....#.....#
∆................
(.......>.........
..................
....#.....#....
...###...###...
... ..... ...


You could see a sixfirhy.

Vanquished Creatures (others)
  22 starspawn tentacles (Abyss:1)
22 creatures vanquished.

Notes
Turn   | Place    | Note
-------+----------+-------------------------------------------
     0 | Abyss:1  | Gargoyl the Gnoll Abyssal Knight began the quest for the
                  | Orb.
     0 | Abyss:1  | Reached XP level 1. HP: 23/23 MP: 3/3
    79 | Abyss:1  | Noticed a tentacled starspawn
   149 | Abyss:1  | Noticed a lich
   247 | Abyss:2  | Noticed a small abomination
   264 | Abyss:2  | Noticed a sixfirhy
   270 | Abyss:2  | HP: 1/23 [sixfirhy (7)]
   270 | Abyss:2  | Mangled by a sixfirhy

Illustrated notes

Levels and vault maps discovered:
Abyss:2:  evilmike_abyss_exit_mutagenic

Action                   || total
-------------------------++-------
Armor: Plate armour      ||     1
Dodge: Dodged            ||     3

Table legend: (Time is in decaauts)
 A = Elapsed time spent in this place.
 B = Non-inter-level travel time spent in this place.
 C = Inter-level travel time spent in this place.
 D = Time resting spent in this place.
 E = Time spent auto-exploring this place.
 F = Levels seen in this place.
 G = Mean time per level.
                   A        B        C        D        E       F      G
               +--------+--------+--------+--------+--------+-----+--------+
         Total |    269 |    269 |      0 |      0 |     91 |   2 |  134.5 |
         Abyss |    269 |    269 |      0 |      0 |     91 |   2 |  134.5 |
               +--------+--------+--------+--------+--------+-----+--------+

Top non-repeatable levels by time:
 Abyss:1: 206 daAuts
 Abyss:2: 63 daAuts
